 Dungeon Crawl Stone Soup version 0.17.1-2-g5865329 (webtiles) character file.

168 Cojaviem the Cudgeler (level 5, -12/57 HPs)
             Began as an Ogre Fighter on Jan 23, 2016.
             Mangled by Sigmund
             ... wielding a +0 scythe
              (16 damage)
             ... on level 3 of the Dungeon on Jan 24, 2016.
             The game lasted 00:07:33 (3230 turns).

Cojaviem the Cudgeler (Ogre Fighter)                Turns: 3230, Time: 00:07:33

Health: -12/57     AC:  3    Str: 21    XL:     5   Next: 49%
Magic:  5/5        EV:  8    Int:  7    God:
Gold:   99         SH:  8    Dex: 10    Spells: 0 memorised, 4 levels left

rFire  . . .     SeeInvis .     o - +0 whip
rCold  . . .     Clarity  .     b - +0 robe
rNeg   . . .     SustAt   .     c - +0 shield
rPois  .         Gourm    .     (helmet restricted)
rElec  .         Spirit   .     (no cloak)
rCorr  .         Warding  .     (gloves unavailable)
rMut   .         Stasis   .     (boots unavailable)
MR     .....                    (no amulet)
Stlth  +.........               (no ring)
                                (no ring)

@: not resistant to hostile enchantments, very unstealthy
A: unfitting armour, tough skin 1
a: no special abilities


You were on level 3 of the Dungeon.
You were not hungry.

You visited 1 branch of the dungeon, and saw 3 of its levels.

You collected 99 gold pieces.

Inventory:

Hand Weapons
 a - a +0 flail
 o - a +0 whip (weapon)
Armour
 b - a +0 robe (worn)
 c - a +0 shield (worn)
Scrolls
 h - 2 scrolls of teleportation {unknown}
 j - 2 scrolls of noise {unknown}
 m - a scroll of fog {unknown}
 n - a scroll of recharging {unknown}
 q - a scroll of blinking {unknown}
 t - a scroll of identify {unknown}
Potions
 g - a potion of invisibility
 i - a potion of flight {unknown}
 k - a potion of curing {unknown}
 s - a potion of heal wounds {unknown}
 u - a potion of haste {unknown}
Books
 v - a book of Maledictions

   Spells                             Type                      Level
   a - Corona                         Hexes                        1
   b - Ensorcelled Hibernation        Hexes/Ice                    2
   c - Confuse                        Hexes                        3
   d - Tukima's Dance                 Hexes                        3
   e - Dazzling Spray                 Conjuration/Hexes            3
Comestibles
 e - 4 bread rations
 l - 2 slices of pizza
 r - a royal jelly


   Skills:
 - Level 5.0 Fighting
 + Level 6.6 Maces & Flails
 - Level 2.6 Dodging
 - Level 2.6 Shields


You had 4 spell levels left.
You didn't know any spells.

Dungeon Overview and Level Annotations

Branches:
Dungeon (3/15)

Altars:
Fedhas
Makhleb

Annotations:
D:3 Sigmund


Innate Abilities, Weirdness & Mutations

You are too large for most types of armour.
You have tough skin (AC +1).


Message History

You barely miss something. You barely miss something. Something hits you!
You hit something. Something hits you.
You hit something but do no damage. You closely miss something.
You hear some strange, mumbled words.
Something tries to affect you, but you resist.
You barely miss something. Something hits you but does no damage.
You hit something but do no damage. You hit something. Something hits you.
You barely miss something. You barely miss something. Something hits you!
* * * LOW HITPOINT WARNING * * *
You hit something but do no damage. Something hits you but does no damage.
You closely miss something. You closely miss something. Something hits you.
* * * LOW HITPOINT WARNING * * *
You hit something. You barely miss something. Something hits you!
You die...

..........+ #.####
..........##.######.#
.......... #........#
........#########..# ..
..... #...# #..# #. ...
#...# #[.# # #[ #.# #...#
#..#
....##.###{####...####..#
..........÷@......÷...>.#
..####.##.?.......#####.#
#. #.........##....# #.
#.........##.#### #.
#.........##.####### #.
#.......####........ ..
#.......# ########. ..
#.......# #. #.......# #.


There were no monsters in sight!

Vanquished Creatures
  6 adders
  6 gnolls
  An ooze (D:1)
  A worm (D:2)
  2 ball pythons
  6 bats
  2 giant cockroaches (D:2)
  8 hobgoblins
  7 jackals
  7 kobolds
  4 giant newts
  3 goblins
  5 rats
58 creatures vanquished.

Notes
Turn   | Place    | Note
--------------------------------------------------------------
     0 | D:1      | Cojaviem the Ogre Fighter began the quest for the Orb.
     0 | D:1      | Reached XP level 1. HP: 24/24 MP: 1/1
   103 | D:1      | Reached XP level 2. HP: 22/32 MP: 2/2
   985 | D:2      | Reached XP level 3. HP: 35/40 MP: 3/3
  1249 | D:2      | Reached skill level 5 in Fighting
  1253 | D:2      | Reached XP level 4. HP: 48/50 MP: 4/4
  1465 | D:2      | Reached skill level 5 in Maces & Flails
  1960 | D:1      | Reached XP level 5. HP: 10/57 MP: 5/5
  1962 | D:1      | Reached skill level 6 in Maces & Flails
  2573 | D:2      | Found a blossoming altar of Fedhas.
  2573 | D:2      | Found a burning altar of Makhleb.
  2856 | D:3      | Noticed Sigmund
  3230 | D:3      | Mangled by Sigmund

Action                   |  1- 3 |  4- 6 || total
-------------------------+-------+-------++-------
Melee: Flail             |    73 |    91 ||   164
       Whip              |       |    68 ||    68
  Use: Potion            |       |     2 ||     2
 Stab: Invisible         |       |     1 ||     1
  Eat: Chunk             |     1 |     5 ||     6
       Fruit             |       |     2 ||     2
